Thrashers vs Sharks

Created - March 9 2008 at 11:40

Goals
1 2 3 T
Thrashers 0 0 1 1
Sharks 1 1 0 2
Shots
1 2 3 T
Thrashers 9 10 7 26
Sharks 7 7 8 22

Period #1

1. Sharks , Mike Knuble 23 (Anton Volchenkov, Ales Hemsky) at 14:16 (PP)

Penalties :
Mike Komisarek (SJS) for Roughing (Minor) at 9:23, Wade Redden (ATL) for Holding (Minor) at 13:25, Mike Knuble (SJS) for Hooking (Minor) at 15:44, Jeff Schultz (SJS) for Interference (Minor) at 15:57, Mike Knuble (SJS) for Holding (Minor) at 19:34

Period #2

2. Sharks , Mike Knuble 24 (Peter Forsberg, Ales Hemsky) at 4:29

Penalties :
Mike Komisarek (SJS) for Hooking (Minor) at 1:57, Jay Mcclement (ATL) for Roughing (Double Minor) at 6:01, Brad Boyes (ATL) for Roughing (Minor) at 11:21

Period #3

3. Thrashers , Milan Michalek 18 (Brett Clark, Jay Mcclement) at 13:55 (PP)

Penalties :
Mike Commodore (ATL) for Slashing (Minor) at 0:32, Wade Redden (ATL) for Holding (Minor) at 1:15, Mike Komisarek (SJS) for Elbowing (Minor) at 8:27, Steve Begin (SJS) for Hooking (Minor) at 13:22, Keith Tkachuk (ATL) for Cross-checking (Minor) at 15:55

Goalie Stats

Henrik Lundqvist (ATL), 20 saves from 22 shots - (0.909), L, 49-19-4, 60:00 minutes
Roberto Luongo (SJS), 25 saves from 26 shots - (0.962), W, 38-30-5, 60:00 minutes

Players Stats

Thrashers
Player Name              G  A  P  +/- PIM S  H  SB FO MP 
-----------------------------------------------------------
Alexander Frolov         0  0  0   0  0   1  0  0  3  24 
Barret Jackman           0  0  0  -1  0   0  0  2  0  20 
Brad Boyes               0  0  0   0  2   3  1  0  0  17 
Brett Clark              0  1  1  -1  0   0  0  0  0  24 
D.J. King                0  0  0   0  0   0  0  0  0  4  
Dan Boyle                0  0  0   0  0   4  1  1  0  16 
David Backes             0  0  0   0  0   1  0  0  0  14 
Eric Brewer              0  0  0   0  0   1  2  0  0  14 
Jay Mcclement            0  1  1   0  4   1  2  0  17 15 
Joe Thornton             0  0  0   0  0   3  0  0  22 20 
Keith Tkachuk            0  0  0  -1  2   0  4  0  22 23 
Martin Rucinsky          0  0  0   0  0   1  0  0  1  13 
Michael Ryder            0  0  0   0  0   0  1  0  1  12 
Mike Commodore           0  0  0   0  2   0  0  1  0  15 
Milan Michalek           1  0  1  -1  0   7  1  0  1  18 
Radek Martinek           0  0  0   0  0   0  0  2  0  17 
Tomas Holmstrom          0  0  0  -1  0   3  0  0  3  20 
Wade Redden              0  0  0   0  4   1  1  0  0  20 
Sharks
Player Name              G  A  P  +/- PIM S  H  SB FO MP 
-----------------------------------------------------------
Ales Hemsky              0  2  2   1  0   1  0  2  1  15 
Alexander Radulov        0  0  0   0  0   1  0  1  0  9  
Anton Volchenkov         0  1  1   1  0   1  1  1  0  22 
Brian Rafalski           0  0  0   0  0   1  4  2  0  24 
Chris Higgins            0  0  0   0  0   5  0  0  1  14 
Dustin Brown             0  0  0   0  0   2  0  0  0  11 
Ilya Kovalchuk           0  0  0   0  0   1  2  0  2  18 
Jason Pominville         0  0  0   0  0   1  1  0  1  21 
Jeff Schultz             0  0  0   0  2   0  0  1  0  16 
Maxime Talbot            0  0  0   0  0   1  0  0  18 11 
Mike Knuble              2  0  2   1  4   2  1  0  3  18 
Mike Komisarek           0  0  0   1  6   1  2  0  0  20 
Peter Forsberg           0  1  1   1  0   1  0  0  14 18 
Ryan Whitney             0  0  0   0  0   0  1  1  0  22 
Steve Begin              0  0  0   0  2   0  0  0  0  12 
Tomas Plekanec           0  0  0   0  0   1  1  1  14 17 
Vincent Lecavalier       0  0  0   0  0   3  4  0  16 18 
Willie Mitchell          0  0  0   0  0   0  2  1  0  19 

3 Stars

1 - Mike Knuble (SJS)
2 - Roberto Luongo (SJS)
3 - Ales Hemsky (SJS)

Power Play

Thrashers - 1 on 7 Attempt(s) - 14.29%
Sharks - 1 on 6 Attempt(s) - 16.67%

Penalty Kill

Thrashers - 5 on 6 Attempt(s) - 83.33% - Score 0 goal in Penalty Kill
Sharks - 6 on 7 Attempt(s) - 85.71% - Score 0 goal in Penalty Kill

Game Notes

No Game Note

Finance

Level 1 -- Attendance: 3047 (55.40%) -- Ticket Income $380,875.00
Level 2 -- Attendance: 2844 (63.20%) -- Ticket Income $199,080.00
Level 3 -- Attendance: 1078 (53.90%) -- Ticket Income $45,276.00
Level 4 -- Attendance: 2126 (47.42%) -- Ticket Income $63,780.00
Luxury Box -- Attendance: 508 (50.80%) -- Ticket Income $127,000.00
Game was played at the HP Pavilion
Total Attendance: 9603 (54.93%)
Total Ticket Income: $892,826.80
Other Income: $159,457.50
Total Income: $1,052,285.00


Play by Play

Period #1

0:01 of 1st period - Vincent Lecavalier wins face-off versus Joe Thornton in neutral zone.
0:08 of 1st period - Dan Boyle is hit by Brian Rafalski and loses puck.
0:28 of 1st period - Ilya Kovalchuk is hit by Wade Redden and loses puck.
1:32 of 1st period - Shot by Ales Hemsky.
1:32 of 1st period - Deflect By Peter Forsberg.
1:32 of 1st period - Shot Misses the Net.
3:44 of 1st period - Shot by Anton Volchenkov.
3:44 of 1st period - Shot Blocked by Mike Commodore.
3:48 of 1st period - Shot by Mike Knuble.
3:48 of 1st period - Shot Blocked by Radek Martinek.
3:50 of 1st period - Shot by Mike Knuble.
3:50 of 1st period - Shot Misses the Net.
3:54 of 1st period - Shot by Peter Forsberg.
3:54 of 1st period - Shot Misses the Net.
4:13 of 1st period - Mike Knuble is hit by Jay Mcclement and loses puck.
4:41 of 1st period - Shot by Tomas Holmstrom.
4:41 of 1st period - Shot Blocked by Jeff Schultz.
4:43 of 1st period - Shot by Tomas Holmstrom.
4:43 of 1st period - Stopped by Roberto Luongo with a rebound.
4:47 of 1st period - Shot by Tomas Holmstrom.
4:47 of 1st period - Shot Misses the Net.
4:55 of 1st period - Shot by Milan Michalek.
4:55 of 1st period - Stopped by Roberto Luongo without a rebound.
4:56 of 1st period - Vincent Lecavalier wins face-off versus Joe Thornton in Sharks zone.
5:12 of 1st period - Joe Thornton is hit by Brian Rafalski and loses puck.
5:17 of 1st period - Shot by Joe Thornton.
5:17 of 1st period - Deflect By Martin Rucinsky.
5:17 of 1st period - Stopped by Roberto Luongo with a rebound.
5:19 of 1st period - Shot by Eric Brewer.
5:19 of 1st period - Shot Misses the Net.
5:21 of 1st period - Shot by Martin Rucinsky.
5:21 of 1st period - Deflect By Joe Thornton.
5:21 of 1st period - Stopped by Roberto Luongo without a rebound.
5:22 of 1st period - Keith Tkachuk wins face-off versus Maxime Talbot in Sharks zone.
5:34 of 1st period - Shot by Alexander Radulov.
5:34 of 1st period - Stopped by Henrik Lundqvist without a rebound.
5:35 of 1st period - Tomas Plekanec wins face-off versus Keith Tkachuk in Thrashers zone.
6:34 of 1st period - Shot by Ales Hemsky.
6:34 of 1st period - Shot Misses the Net.
6:38 of 1st period - Shot by Mike Knuble.
6:38 of 1st period - Shot Misses the Net.
6:45 of 1st period - Joe Thornton is hit by Mike Knuble and loses puck.
7:09 of 1st period - Icing by Martin Rucinsky.
7:10 of 1st period - Joe Thornton wins face-off versus Vincent Lecavalier in Thrashers zone.
7:10 of 1st period - Martin Rucinsky is hit by Vincent Lecavalier and loses puck.
7:14 of 1st period - Martin Rucinsky is hit by Vincent Lecavalier and loses puck.
7:46 of 1st period - Tomas Holmstrom is hit by Ryan Whitney.
7:56 of 1st period - Shot by Keith Tkachuk.
7:56 of 1st period - Deflect By Milan Michalek.
7:56 of 1st period - Shot Blocked by Brian Rafalski.
8:48 of 1st period - Shot by Chris Higgins.
8:48 of 1st period - Stopped by Henrik Lundqvist without a rebound.
8:49 of 1st period - Peter Forsberg wins face-off versus Keith Tkachuk in Thrashers zone.
9:02 of 1st period - Shot by Ales Hemsky.
9:02 of 1st period - Stopped by Henrik Lundqvist with a rebound.
9:06 of 1st period - Shot by Ales Hemsky.
9:06 of 1st period - Shot Misses the Net.
9:08 of 1st period - Shot by Anton Volchenkov.
9:08 of 1st period - Stopped by Henrik Lundqvist with a rebound.
9:10 of 1st period - Shot by Mike Knuble.
9:10 of 1st period - Shot Misses the Net.
9:18 of 1st period - Peter Forsberg is hit by Keith Tkachuk and loses puck.
9:22 of 1st period - Icing by Mike Komisarek.
9:23 of 1st period - Joe Thornton wins face-off versus Mike Knuble in Sharks zone.
9:23 of 1st period - Minor Penalty to Mike Komisarek for Roughing.
9:24 of 1st period - Joe Thornton wins face-off versus Maxime Talbot in Sharks zone.
9:43 of 1st period - Anton Volchenkov is hit by Michael Ryder and loses puck.
10:44 of 1st period - Icing by Wade Redden.
10:45 of 1st period - Maxime Talbot wins face-off versus Keith Tkachuk in Thrashers zone.
12:00 of 1st period - Shot by Eric Brewer.
12:00 of 1st period - Stopped by Roberto Luongo without a rebound.
12:01 of 1st period - Jay Mcclement wins face-off versus Tomas Plekanec in Sharks zone.
12:02 of 1st period - Shot by Brad Boyes.
12:02 of 1st period - Stopped by Roberto Luongo without a rebound.
12:03 of 1st period - Jay Mcclement wins face-off versus Tomas Plekanec in Sharks zone.
12:08 of 1st period - Shot by Joe Thornton.
12:08 of 1st period - Stopped by Roberto Luongo without a rebound.
12:09 of 1st period - Maxime Talbot wins face-off versus Keith Tkachuk in Sharks zone.
12:58 of 1st period - Icing by Tomas Holmstrom.
12:59 of 1st period - Peter Forsberg wins face-off versus Tomas Holmstrom in Thrashers zone.
13:06 of 1st period - Shot by Mike Knuble.
13:06 of 1st period - Shot Blocked by Barret Jackman.
13:25 of 1st period - Minor Penalty to Wade Redden for Holding.
13:26 of 1st period - Vincent Lecavalier wins face-off versus Jay Mcclement in Thrashers zone.
13:49 of 1st period - Shot by Ilya Kovalchuk.
13:49 of 1st period - Stopped by Henrik Lundqvist without a rebound.
13:50 of 1st period - Alexander Frolov wins face-off versus Peter Forsberg in Thrashers zone.
14:12 of 1st period - Shot by Ales Hemsky.
14:12 of 1st period - Shot Misses the Net.
14:14 of 1st period - Shot by Anton Volchenkov.
14:14 of 1st period - Shot Misses the Net.
14:16 of 1st period - Shot by Mike Knuble.
14:16 of 1st period - Goal by Mike Knuble - Thrashers : 0 - Sharks : 1.
14:17 of 1st period - Tomas Plekanec wins face-off versus Jay Mcclement in neutral zone.
14:40 of 1st period - Shot by Chris Higgins.
14:40 of 1st period - Stopped by Henrik Lundqvist without a rebound.
14:41 of 1st period - Joe Thornton wins face-off versus Vincent Lecavalier in Thrashers zone.
14:41 of 1st period - Joe Thornton is hit by Ilya Kovalchuk.
15:17 of 1st period - Joe Thornton is hit by Ilya Kovalchuk and loses puck.
15:38 of 1st period - Radek Martinek is hit by Jason Pominville and loses puck.
15:44 of 1st period - Minor Penalty to Mike Knuble for Hooking.
15:45 of 1st period - Maxime Talbot wins face-off versus Joe Thornton in Thrashers zone.
15:57 of 1st period - Minor Penalty to Jeff Schultz for Interference.
15:58 of 1st period - Tomas Plekanec wins face-off versus Keith Tkachuk in Sharks zone.
16:38 of 1st period - Shot by Alexander Frolov.
16:38 of 1st period - Shot Misses the Net.
16:50 of 1st period - Shot by Milan Michalek.
16:50 of 1st period - Stopped by Roberto Luongo without a rebound.
16:51 of 1st period - Milan Michalek wins face-off versus Maxime Talbot in Sharks zone.
17:45 of 1st period - Shot by Dan Boyle.
17:45 of 1st period - Shot Misses the Net.
17:47 of 1st period - Shot by Brad Boyes.
17:47 of 1st period - Shot Misses the Net.
17:49 of 1st period - Shot by Wade Redden.
17:49 of 1st period - Shot Misses the Net.
17:53 of 1st period - Shot by Dan Boyle.
17:53 of 1st period - Shot Blocked by Alexander Radulov.
17:55 of 1st period - Shot by Dan Boyle.
17:55 of 1st period - Stopped by Roberto Luongo with a rebound.
17:59 of 1st period - Shot by Alexander Frolov.
17:59 of 1st period - Shot Blocked by Ryan Whitney.
18:01 of 1st period - Shot by Jay Mcclement.
18:01 of 1st period - Shot Blocked by Brian Rafalski.
18:18 of 1st period - Alexander Frolov is hit by Brian Rafalski and loses puck.
18:37 of 1st period - Shot by Tomas Holmstrom.
18:37 of 1st period - Deflect By Keith Tkachuk.
18:37 of 1st period - Shot Misses the Net.
18:57 of 1st period - Shot by Milan Michalek.
18:57 of 1st period - Shot Hit the Post.
19:19 of 1st period - Shot by Dustin Brown.
19:19 of 1st period - Shot Misses the Net.
19:23 of 1st period - Shot by Chris Higgins.
19:23 of 1st period - Shot Misses the Net.
19:25 of 1st period - Shot by Dustin Brown.
19:25 of 1st period - Shot Misses the Net.
19:34 of 1st period - Minor Penalty to Mike Knuble for Holding.
19:35 of 1st period - Tomas Plekanec wins face-off versus Joe Thornton in neutral zone.
19:46 of 1st period - Dan Boyle is hit by Tomas Plekanec and loses puck.
0:00 of 2nd period - Icing by Dan Boyle.

Period #2

0:01 of 2nd period - Keith Tkachuk wins face-off versus Tomas Plekanec in neutral zone.
0:06 of 2nd period - Shot by Wade Redden.
0:06 of 2nd period - Shot Misses the Net.
0:10 of 2nd period - Shot by Dan Boyle.
0:10 of 2nd period - Shot Misses the Net.
0:12 of 2nd period - Shot by Keith Tkachuk.
0:12 of 2nd period - Shot Misses the Net.
0:14 of 2nd period - Shot by Wade Redden.
0:14 of 2nd period - Stopped by Roberto Luongo without a rebound.
0:15 of 2nd period - Maxime Talbot wins face-off versus Joe Thornton in Sharks zone.
0:15 of 2nd period - Maxime Talbot is hit by Milan Michalek.
1:30 of 2nd period - Shot by Dan Boyle.
1:30 of 2nd period - Stopped by Roberto Luongo without a rebound.
1:31 of 2nd period - Maxime Talbot wins face-off versus Keith Tkachuk in Sharks zone.
1:49 of 2nd period - Shot by Alexander Frolov.
1:49 of 2nd period - Stopped by Roberto Luongo without a rebound.
1:50 of 2nd period - Joe Thornton wins face-off versus Ales Hemsky in Sharks zone.
1:50 of 2nd period - Joe Thornton is hit by Mike Komisarek.
1:54 of 2nd period - Shot by Joe Thornton.
1:54 of 2nd period - Shot Misses the Net.
1:56 of 2nd period - Shot by Wade Redden.
1:56 of 2nd period - Shot Blocked by Ales Hemsky.
1:57 of 2nd period - Minor Penalty to Mike Komisarek for Hooking.
1:58 of 2nd period - Maxime Talbot wins face-off versus Keith Tkachuk in Sharks zone.
2:07 of 2nd period - Shot by Dan Boyle.
2:07 of 2nd period - Stopped by Roberto Luongo without a rebound.
2:08 of 2nd period - Joe Thornton wins face-off versus Tomas Plekanec in Sharks zone.
2:23 of 2nd period - Shot by Milan Michalek.
2:23 of 2nd period - Shot Blocked by Anton Volchenkov.
2:27 of 2nd period - Shot by Milan Michalek.
2:27 of 2nd period - Stopped by Roberto Luongo with a rebound.
2:36 of 2nd period - Tomas Holmstrom is hit by Anton Volchenkov and loses puck.
2:39 of 2nd period - Shot by Joe Thornton.
2:39 of 2nd period - Shot Misses the Net.
2:41 of 2nd period - Shot by Tomas Holmstrom.
2:41 of 2nd period - Shot Misses the Net.
2:45 of 2nd period - Shot by Milan Michalek.
2:45 of 2nd period - Stopped by Roberto Luongo without a rebound.
2:46 of 2nd period - Keith Tkachuk wins face-off versus Maxime Talbot in Sharks zone.
4:10 of 2nd period - Icing by Anton Volchenkov.
4:11 of 2nd period - Peter Forsberg wins face-off versus Keith Tkachuk in Sharks zone.
4:11 of 2nd period - Peter Forsberg is hit by Keith Tkachuk.
4:29 of 2nd period - Shot by Mike Knuble.
4:29 of 2nd period - Goal by Mike Knuble - Thrashers : 0 - Sharks : 2.
4:30 of 2nd period - Ilya Kovalchuk wins face-off versus Jay Mcclement in neutral zone.
4:52 of 2nd period - Icing by Brian Rafalski.
4:53 of 2nd period - Vincent Lecavalier wins face-off versus Joe Thornton in Sharks zone.
5:02 of 2nd period - Shot by Vincent Lecavalier.
5:02 of 2nd period - Stopped by Henrik Lundqvist without a rebound.
5:03 of 2nd period - Joe Thornton wins face-off versus Tomas Plekanec in Thrashers zone.
5:52 of 2nd period - Shot by Tomas Holmstrom.
5:52 of 2nd period - Stopped by Roberto Luongo without a rebound.
5:53 of 2nd period - Jay Mcclement wins face-off versus Maxime Talbot in Sharks zone.
6:01 of 2nd period - Double Minor Penalty to Jay Mcclement for Roughing.
6:02 of 2nd period - Peter Forsberg wins face-off versus Keith Tkachuk in Sharks zone.
6:02 of 2nd period - Peter Forsberg is hit by Keith Tkachuk.
7:22 of 2nd period - Icing by Brian Rafalski.
7:23 of 2nd period - Keith Tkachuk wins face-off versus Vincent Lecavalier in Sharks zone.
7:32 of 2nd period - Shot by Keith Tkachuk.
7:32 of 2nd period - Shot Misses the Net.
8:44 of 2nd period - Shot by Ilya Kovalchuk.
8:44 of 2nd period - Shot Misses the Net.
8:46 of 2nd period - Shot by Jason Pominville.
8:46 of 2nd period - Stopped by Henrik Lundqvist with a rebound.
8:48 of 2nd period - Shot by Ryan Whitney.
8:48 of 2nd period - Shot Misses the Net.
8:50 of 2nd period - Shot by Jason Pominville.
8:50 of 2nd period - Shot Misses the Net.
9:27 of 2nd period - Icing by Anton Volchenkov.
9:28 of 2nd period - Joe Thornton wins face-off versus Peter Forsberg in Sharks zone.
10:05 of 2nd period - Shot by Tomas Plekanec.
10:05 of 2nd period - Stopped by Henrik Lundqvist without a rebound.
10:06 of 2nd period - Tomas Plekanec wins face-off versus Joe Thornton in Thrashers zone.
10:06 of 2nd period - Tomas Plekanec is hit by Dan Boyle.
10:19 of 2nd period - Icing by Wade Redden.
10:20 of 2nd period - Tomas Plekanec wins face-off versus Joe Thornton in Thrashers zone.
10:21 of 2nd period - Shot by Dustin Brown.
10:21 of 2nd period - Stopped by Henrik Lundqvist with a rebound.
11:09 of 2nd period - Shot by Barret Jackman.
11:09 of 2nd period - Shot Misses the Net.
11:21 of 2nd period - Minor Penalty to Brad Boyes for Roughing.
11:22 of 2nd period - Jay Mcclement wins face-off versus Ilya Kovalchuk in neutral zone.
11:22 of 2nd period - Dan Boyle is hit by Vincent Lecavalier and loses puck.
11:44 of 2nd period - Mike Commodore is hit by Vincent Lecavalier and loses puck.
12:13 of 2nd period - Icing by Ryan Whitney.
12:14 of 2nd period - Jason Pominville wins face-off versus Keith Tkachuk in Sharks zone.
12:59 of 2nd period - Shot by Ales Hemsky.
12:59 of 2nd period - Shot Blocked by Radek Martinek.
13:03 of 2nd period - Shot by Peter Forsberg.
13:03 of 2nd period - Stopped by Henrik Lundqvist without a rebound.
13:04 of 2nd period - Peter Forsberg wins face-off versus Martin Rucinsky in Thrashers zone.
13:15 of 2nd period - Shot by Mike Komisarek.
13:15 of 2nd period - Stopped by Henrik Lundqvist without a rebound.
13:16 of 2nd period - Peter Forsberg wins face-off versus Jay Mcclement in Thrashers zone.
13:47 of 2nd period - Shot by Dan Boyle.
13:47 of 2nd period - Stopped by Roberto Luongo with a rebound.
13:49 of 2nd period - Shot by Wade Redden.
13:49 of 2nd period - Shot Misses the Net.
14:29 of 2nd period - Icing by Peter Forsberg.
14:30 of 2nd period - Peter Forsberg wins face-off versus Jay Mcclement in Sharks zone.
14:30 of 2nd period - Peter Forsberg is hit by Brad Boyes.
14:41 of 2nd period - Shot by Brad Boyes.
14:41 of 2nd period - Stopped by Roberto Luongo without a rebound.
14:42 of 2nd period - Joe Thornton wins face-off versus Maxime Talbot in Sharks zone.
14:43 of 2nd period - Shot by Martin Rucinsky.
14:43 of 2nd period - Deflect By Joe Thornton.
14:43 of 2nd period - Shot Misses the Net.
15:11 of 2nd period - Icing by Alexander Radulov.
15:12 of 2nd period - Maxime Talbot wins face-off versus Keith Tkachuk in Sharks zone.
16:14 of 2nd period - Shot by Alexander Frolov.
16:14 of 2nd period - Shot Blocked by Ales Hemsky.
16:17 of 2nd period - Jay Mcclement is hit by Mike Komisarek and loses puck.
16:37 of 2nd period - Alexander Frolov is hit by Willie Mitchell and loses puck.
16:43 of 2nd period - Jay Mcclement is hit by Willie Mitchell and loses puck.
17:28 of 2nd period - Icing by Eric Brewer.
17:29 of 2nd period - Vincent Lecavalier wins face-off versus Joe Thornton in Thrashers zone.
18:18 of 2nd period - Shot by Milan Michalek.
18:18 of 2nd period - Stopped by Roberto Luongo with a rebound.
18:20 of 2nd period - Shot by Keith Tkachuk.
18:20 of 2nd period - Shot Misses the Net.
18:24 of 2nd period - Shot by Keith Tkachuk.
18:24 of 2nd period - Deflect By Milan Michalek.
18:24 of 2nd period - Shot Misses the Net.
19:28 of 2nd period - Shot by Peter Forsberg.
19:28 of 2nd period - Shot Misses the Net.
19:37 of 2nd period - Off-side.
19:38 of 2nd period - Tomas Plekanec wins face-off versus Joe Thornton in neutral zone.

Period #3

0:01 of 3rd period - Jay Mcclement wins face-off versus Tomas Plekanec in neutral zone.
0:26 of 3rd period - Shot by Chris Higgins.
0:26 of 3rd period - Stopped by Henrik Lundqvist with a rebound.
0:31 of 3rd period - Icing by Alexander Frolov.
0:32 of 3rd period - Maxime Talbot wins face-off versus Jay Mcclement in Thrashers zone.
0:32 of 3rd period - Minor Penalty to Mike Commodore for Slashing.
0:33 of 3rd period - Vincent Lecavalier wins face-off versus Keith Tkachuk in Thrashers zone.
1:00 of 3rd period - Shot by Vincent Lecavalier.
1:00 of 3rd period - Shot Blocked by Barret Jackman.
1:14 of 3rd period - Shot by Brian Rafalski.
1:14 of 3rd period - Stopped by Henrik Lundqvist without a rebound.
1:15 of 3rd period - Peter Forsberg wins face-off versus Keith Tkachuk in Thrashers zone.
1:15 of 3rd period - Minor Penalty to Wade Redden for Holding.
1:16 of 3rd period - Jay Mcclement wins face-off versus Mike Knuble in Thrashers zone.
3:03 of 3rd period - Shot by Vincent Lecavalier.
3:03 of 3rd period - Stopped by Henrik Lundqvist without a rebound.
3:04 of 3rd period - Jay Mcclement wins face-off versus Peter Forsberg in Thrashers zone.
3:23 of 3rd period - Shot by Tomas Holmstrom.
3:23 of 3rd period - Stopped by Roberto Luongo without a rebound.
3:24 of 3rd period - Vincent Lecavalier wins face-off versus Keith Tkachuk in Sharks zone.
3:44 of 3rd period - Icing by Brian Rafalski.
3:45 of 3rd period - Vincent Lecavalier wins face-off versus Alexander Frolov in Sharks zone.
5:43 of 3rd period - Shot by Ilya Kovalchuk.
5:43 of 3rd period - Deflect By Vincent Lecavalier.
5:43 of 3rd period - Shot Blocked by Dan Boyle.
6:05 of 3rd period - Shot by Ales Hemsky.
6:05 of 3rd period - Deflect By Peter Forsberg.
6:05 of 3rd period - Shot Misses the Net.
6:09 of 3rd period - Shot by Chris Higgins.
6:09 of 3rd period - Stopped by Henrik Lundqvist without a rebound.
6:10 of 3rd period - Chris Higgins wins face-off versus Keith Tkachuk in Thrashers zone.
6:36 of 3rd period - Shot by Brad Boyes.
6:36 of 3rd period - Stopped by Roberto Luongo without a rebound.
6:37 of 3rd period - Jay Mcclement wins face-off versus Vincent Lecavalier in Sharks zone.
6:42 of 3rd period - Shot by David Backes.
6:42 of 3rd period - Stopped by Roberto Luongo without a rebound.
6:43 of 3rd period - Tomas Holmstrom wins face-off versus Vincent Lecavalier in Sharks zone.
7:10 of 3rd period - Shot by Tomas Holmstrom.
7:10 of 3rd period - Shot Misses the Net.
7:35 of 3rd period - Icing by Ilya Kovalchuk.
7:36 of 3rd period - Vincent Lecavalier wins face-off versus Joe Thornton in Sharks zone.
7:38 of 3rd period - Icing by Ilya Kovalchuk.
7:39 of 3rd period - Vincent Lecavalier wins face-off versus Joe Thornton in Sharks zone.
8:02 of 3rd period - Shot by Joe Thornton.
8:02 of 3rd period - Stopped by Roberto Luongo without a rebound.
8:03 of 3rd period - Peter Forsberg wins face-off versus Tomas Holmstrom in Sharks zone.
8:03 of 3rd period - Mike Knuble is hit by Keith Tkachuk and loses puck.
8:27 of 3rd period - Minor Penalty to Mike Komisarek for Elbowing.
8:28 of 3rd period - Maxime Talbot wins face-off versus Joe Thornton in Sharks zone.
8:39 of 3rd period - Shot by Tomas Holmstrom.
8:39 of 3rd period - Shot Misses the Net.
8:41 of 3rd period - Shot by Brett Clark.
8:41 of 3rd period - Deflect By Milan Michalek.
8:41 of 3rd period - Shot Misses the Net.
8:45 of 3rd period - Shot by Joe Thornton.
8:45 of 3rd period - Shot Hit the Post.
8:47 of 3rd period - Shot by Brett Clark.
8:47 of 3rd period - Shot Blocked by Willie Mitchell.
8:49 of 3rd period - Shot by Tomas Holmstrom.
8:49 of 3rd period - Deflect By Milan Michalek.
8:49 of 3rd period - Stopped by Roberto Luongo with a rebound.
8:51 of 3rd period - Shot by Milan Michalek.
8:51 of 3rd period - Shot Misses the Net.
8:53 of 3rd period - Shot by Milan Michalek.
8:53 of 3rd period - Shot Misses the Net.
8:57 of 3rd period - Shot by Milan Michalek.
8:57 of 3rd period - Shot Misses the Net.
10:07 of 3rd period - Icing by Michael Ryder.
10:08 of 3rd period - Maxime Talbot wins face-off versus Michael Ryder in Thrashers zone.
12:13 of 3rd period - Shot by Vincent Lecavalier.
12:13 of 3rd period - Stopped by Henrik Lundqvist without a rebound.
12:14 of 3rd period - Vincent Lecavalier wins face-off versus Keith Tkachuk in Thrashers zone.
13:19 of 3rd period - Shot by Chris Higgins.
13:19 of 3rd period - Stopped by Henrik Lundqvist without a rebound.
13:20 of 3rd period - Jay Mcclement wins face-off versus Mike Knuble in Thrashers zone.
13:22 of 3rd period - Minor Penalty to Steve Begin for Hooking.
13:23 of 3rd period - Maxime Talbot wins face-off versus Jay Mcclement in Thrashers zone.
13:23 of 3rd period - Maxime Talbot is hit by Eric Brewer.
13:49 of 3rd period - Shot by Tomas Holmstrom.
13:49 of 3rd period - Shot Blocked by Tomas Plekanec.
13:51 of 3rd period - Shot by Jay Mcclement.
13:51 of 3rd period - Stopped by Roberto Luongo with a rebound.
13:53 of 3rd period - Shot by Brett Clark.
13:53 of 3rd period - Shot Misses the Net.
13:55 of 3rd period - Shot by Milan Michalek.
13:55 of 3rd period - Goal by Milan Michalek - Thrashers : 1 - Sharks : 2.
13:56 of 3rd period - Tomas Plekanec wins face-off versus Jay Mcclement in neutral zone.
13:56 of 3rd period - Tomas Plekanec is hit by Jay Mcclement.
15:12 of 3rd period - Brian Rafalski is hit by Eric Brewer and loses puck.
15:32 of 3rd period - Icing by Maxime Talbot.
15:33 of 3rd period - Keith Tkachuk wins face-off versus Maxime Talbot in Sharks zone.
15:33 of 3rd period - Milan Michalek is hit by Brian Rafalski and loses puck.
15:55 of 3rd period - Minor Penalty to Keith Tkachuk for Cross-checking.
15:56 of 3rd period - Alexander Frolov wins face-off versus Peter Forsberg in Sharks zone.
18:01 of 3rd period - Shot by Dustin Brown.
18:01 of 3rd period - Stopped by Henrik Lundqvist with a rebound.
19:00 of 3rd period - Shot by Maxime Talbot.
19:00 of 3rd period - Stopped by Henrik Lundqvist without a rebound.
19:01 of 3rd period - Keith Tkachuk wins face-off versus Peter Forsberg in Thrashers zone.


Output by the SimonT Hockey Simulator (STHS) for Stephane Roy -- Original Page W3C XHTML 1.0 Valid